 Dungeon Sprint DCSS version 0.27.1-1-g398f81649c (webtiles) character file.

Game seed: 2438458022324269389

25617 ugugthedestroyer the Wrestler (level 12, -4/132 HPs)
             Began as a Troll Monk on Sept 7, 2021.
             Was the Champion of Cheibriados.
             Slain by a fire giant (6 damage)
             ... in the Dungeon (Sprint IX: "|||||||||||||||||||||||||||||").
             The game lasted 00:06:50 (901 turns).

ugugthedestroyer the Wrestler (Troll Monk)           Turns: 901, Time: 00:06:51

Health: -4/132     AC:  9    Str: 41    XL:     12   Next: 91%
Magic:  11/11      EV: 25    Int: 21    God:    Cheibriados [******]
Gold:   1231       SH:  5    Dex: 30    Spells: 11/11 levels left

rFire    . . .     SeeInvis .     - Unarmed
rCold    . . .     Faith    .   (no shield)
rNeg     . . .     Spirit   .   a - +2 robe
rPois    .         Reflect  +   (helmet restricted)
rElec    .         Harm     .   j - +2 cloak
rCorr    .         Rampage  .   (gloves unavailable)
Will     .....     NoTele   +   (boots unavailable)
Stlth    +++.......             p - amulet of reflection
HPRegen  1.32/turn              k - +3 ring of dexterity
MPRegen  0.12/turn              l - +2 ring of evasion

@: mighty, very slow
A: large, unfitting armour, claws 3, regeneration 1, shaggy fur 1, tough skin 1
a: Renounce Religion, Bend Time, Temporal Distortion, Slouch, Step From Time


You were in the Dungeon.
You worshipped Cheibriados.
Cheibriados was exalted by your worship.
You visited 1 branch You collected 1231 gold pieces.

Inventory:

Missiles
 s - 4 throwing nets (quivered)
Armour
 a - a +2 robe (worn)
 j - a +2 cloak (worn)
Jewellery
 k - a +3 ring of dexterity (left claw)
 l - a +2 ring of evasion (right claw)
 p - an amulet of reflection (around neck)
 t - an amulet of guardian spirit
 u - a ring of protection from fire
 v - a ring of protection from fire
 w - a +6 ring of intelligence
Wands
 i - a wand of acid (10)
 r - a wand of polymorph (9)
Scrolls
 g - 4 scrolls of blinking
 h - 2 scrolls of amnesia
 n - 4 scrolls of enchant armour
 o - 6 scrolls of enchant weapon
 q - a scroll of magic mapping
Potions
 b - 6 potions of curing
 e - 4 potions of magic
 f - a potion of berserk rage
 m - 3 potions of resistance


   Skills:
 + Level 12.3 Fighting
 + Level 13.1 Dodging
 - Level 1.1 Stealth
 - Level 0.5 Shields
 + Level 24.2 Unarmed Combat


You had 11 spell levels left.
You didn't know any spells.
Your spell library was empty.

Dungeon Overview and Level Annotations

Branches:
Dungeon (1/1)

Altars:
Cheibriados
Dithmenos
Elyvilon
Fedhas
Gozag
Hepliaklqana
Kikubaaqudgha
Makhleb
Nemelex Xobeh
Okawaru
Qazlal
Ru
Sif Muna
Trog
Uskayaw
Vehumet
Wu Jian
Xom
Yredelemnul
Zin
The Shining One
Beogh
Jiyva
Lugonu

Shops:
D [**(


Innate Abilities, Weirdness & Mutations

You are too large for most types of armour.
You have claws for hands.
Your natural rate of healing is unusually fast.
You are covered in fur. (AC +1)
You have tough skin. (AC +1)


Message History

You feel much better.
Press: ? - help, v - describe, . - travel, g - get item
Here: a brown ugly thing Item here: a +2 great sword of flaming.
The floor, spattered with blood.
You closely miss the brown ugly thing. You claw the brown ugly thing!
The brown ugly thing is moderately wounded.
The brown ugly thing tentacle-slaps you but does no damage.
The rakshasa blinks!
You scratch the brown ugly thing. You claw the brown ugly thing!!!
The brown ugly thing is almost dead.
The brown ugly thing completely misses you.
You eviscerate the brown ugly thing!!!
You kill the brown ugly thing!
Cheibriados thoroughly appreciates the change of pace.
Your Unarmed Combat skill increases to level 24!
The stone giant misses you. The stone giant hits you!
You see here a +2 great sword of flaming.
You mangle the stone giant!! Your claw misses the stone giant.
The stone giant is moderately wounded.
The stone giant completely misses you.
You eviscerate the stone giant!!!
You kill the stone giant!
Cheibriados appreciates the change of pace.
The fire giant completely misses you.
The rakshasa hits you from afar with a +0 trident.
The fire giant gestures at you while chanting.
The fireball explodes!
The fireball engulfs you!!!
* * * LOW HITPOINT WARNING * * *
The fireball engulfs the fire giant!
The fire giant resists.
The rakshasa closely misses you.
You see here 5 large rocks.
You feel very mighty all of a sudden. You block the fire giant's attack.
The rakshasa closely misses you.
You claw the fire giant!
The fire giant is moderately wounded.
The fire giant hits you with a +2 great sword of flaming!
* * * LOW HITPOINT WARNING * * *
The fire giant burns you.
You die...

††........††.......!.!.'..[[[[..'
▓▓▓▓▓▓▓▓▓▓▓▓▓▓▓▓▓▓▓▓▓▓▓▓▓▓▓▓▓▓▓▓▓
.................................
▓▓▓▓▓▓▓▓▓▓▓▓▓▓▓▓▓▓▓▓▓▓▓▓▓▓▓▓▓▓▓▓▓
)))))))..).))))∩.∩.∩)∩.....'.....
▓▓▓▓▓▓▓▓▓▓▓▓▓▓▓▓▓▓▓▓▓▓▓▓▓▓▓▓▓▓▓▓▓
.)...............................
▓▓▓▓▓▓▓▓▓▓▓▓▓▓▓▓▓▓▓▓▓▓▓▓▓▓▓▓▓▓▓▓▓
[..........')())@CR.....
▓▓▓▓▓▓▓▓▓▓▓▓▓▓▓▓▓▓▓▓▓▓▓▓


You could see a fire giant and a rakshasa.

Vanquished Creatures
  A fire giant (D)
  A stone giant (D)
  Harold (D)
  A boulder beetle (D)
  A hydra (D)
  2 ogre magi (D)
  8 two-headed ogres (D)
  2 catoblepae (D)
  3 death yaks (D)
  A death knight (D)
  A tengu warrior (D)
  4 orc knights (D)
  2 cyclopes (D)
  An ugly thing (D)
  A black mamba (D)
  Maurice (D)
  Joseph (D)
  A gargoyle (D)
  2 cane toads (D)
  A kobold demonologist (D)
  A yaktaur (D)
  4 komodo dragons (D)
  A slime creature (D)
  A shapeshifter (D)
  A wraith (D)
  A tarantella (shapeshifter) (D)
  Eustachio (D)
  6 yaks (D)
  A vampire mosquito (D)
  2 water moccasins (D)
  11 orc warriors (D)
  A black bear (D)
  A wolf (D)
  A boggart (D)
  6 ogres (D)
  4 bullfrogs (D)
  A scorpion (D)
  2 howler monkeys (D)
  A hound (D)
  2 orc priests (D)
  An iguana (D)
  An orc wizard (D)
  7 orcs (D)
  2 bat zombies (D)
  An endoplasm (D)
  2 goblins (D)
  A quokka (D)
  A rat (D)
101 creatures vanquished.

Vanquished Creatures (others)
  An orc warrior (D)
1 creature vanquished.

Grand Total: 102 creatures vanquished

Notes
Turn   | Place    | Note
-------+----------+-------------------------------------------
     0 | D        | ugugthedestroyer the Troll Monk began the quest for the
                  | Orb.
     0 | D        | Reached XP level 1. HP: 22/22 MP: 0/0
    22 | D        | Noticed an iguana
    22 | D        | Noticed an ogre
    22 | D        | Noticed a scorpion
    22 | D        | Noticed a hound
    26 | D        | Killed an iguana
    27 | D        | Reached skill level 4 in Unarmed Combat
    27 | D        | Reached XP level 2. HP: 30/32 MP: 1/1
    27 | D        | Reached XP level 3. HP: 37/39 MP: 2/2
    31 | D        | Killed an ogre
    32 | D        | Reached skill level 6 in Unarmed Combat
    32 | D        | Reached XP level 4. HP: 49/49 MP: 3/3
    33 | D        | Killed a scorpion
    34 | D        | Reached skill level 5 in Fighting
    34 | D        | Reached skill level 5 in Dodging
    34 | D        | Reached skill level 7 in Unarmed Combat
    34 | D        | Reached XP level 5. HP: 57/57 MP: 4/4
    42 | D        | Found a snail-covered altar of Cheibriados.
    42 | D        | Found a shadowy altar of Dithmenos.
    42 | D        | Found a white marble altar of Elyvilon.
    42 | D        | Found a blossoming altar of Fedhas.
    42 | D        | Found an opulent altar of Gozag.
    43 | D        | Found a hazy altar of Hepliaklqana.
    44 | D        | Found a viscous altar of Jiyva.
    45 | D        | Found an ancient bone altar of Kikubaaqudgha.
    46 | D        | Became a worshipper of Cheibriados the Contemplative
    46 | D        | Reached * piety under Cheibriados
    46 | D        | Reached ** piety under Cheibriados
    47 | D        | Found a corrupted altar of Lugonu.
    48 | D        | Found a burning altar of Makhleb.
    49 | D        | Found a sparkling altar of Nemelex Xobeh.
    50 | D        | Found an iron altar of Okawaru.
    51 | D        | Found a stormy altar of Qazlal.
    52 | D        | Found a sacrificial altar of Ru.
    53 | D        | Found a shimmering blue altar of Sif Muna.
    54 | D        | Found a bloodstained altar of Trog.
    55 | D        | Found a hide-covered altar of Uskayaw.
    56 | D        | Found a radiant altar of Vehumet.
    57 | D        | Found an ornate altar of the Wu Jian Council.
    58 | D        | Found a shimmering altar of Xom.
    59 | D        | Found a basalt altar of Yredelemnul.
    60 | D        | Found a glowing silver altar of Zin.
    61 | D        | Found a glowing golden altar of the Shining One.
    93 | D        | Noticed an orc warrior
    93 | D        | Noticed a gargoyle
    93 | D        | Noticed a two-headed ogre
    93 | D        | Noticed a wraith
    96 | D        | Killed an orc warrior
    97 | D        | Reached skill level 8 in Unarmed Combat
   110 | D        | Killed a gargoyle
   111 | D        | Reached skill level 10 in Unarmed Combat
   111 | D        | Reached XP level 6. HP: 69/71 MP: 5/5
   111 | D        | Reached XP level 7. HP: 76/78 MP: 6/6
   119 | D        | Killed a two-headed ogre
   120 | D        | Reached skill level 12 in Unarmed Combat
   120 | D        | Reached XP level 8. HP: 76/89 MP: 7/7
   122 | D        | Reached *** piety under Cheibriados
   133 | D        | Noticed a two-headed ogre
   133 | D        | Noticed a guardian serpent
   133 | D        | Noticed a komodo dragon
   133 | D        | Noticed a kobold demonologist
   137 | D        | Killed a two-headed ogre
   137 | D        | Reached **** piety under Cheibriados
   138 | D        | Reached skill level 13 in Unarmed Combat
   138 | D        | Reached XP level 9. HP: 72/98 MP: 8/8
   142 | D        | a guardian serpent changed into a shapeshifter
   145 | D        | Noticed an orange demon
   146 | D        | Killed a komodo dragon
   147 | D        | Reached skill level 14 in Unarmed Combat
   149 | D        | Reached ***** piety under Cheibriados
   155 | D        | Noticed a hellwing
   159 | D        | Killed a kobold demonologist
   275 | D        | Noticed a komodo dragon
   275 | D        | Noticed a black mamba
   275 | D        | Noticed a komodo dragon
   278 | D        | Reached skill level 10 in Fighting
   278 | D        | Reached skill level 15 in Unarmed Combat
   282 | D        | Killed a komodo dragon
   283 | D        | Reached skill level 10 in Dodging
   283 | D        | Killed a black mamba
   283 | D        | Reached ****** piety under Cheibriados
   284 | D        | Noticed a cane toad
   285 | D        | Killed a komodo dragon
   289 | D        | Reached XP level 10. HP: 102/110 MP: 9/9
   291 | D        | Reached skill level 16 in Unarmed Combat
   298 | D        | Killed a cane toad
   306 | D        | Noticed a six-headed hydra
   316 | D        | Killed a nine-headed hydra
   317 | D        | Reached skill level 17 in Unarmed Combat
   317 | D        | Noticed a cane toad
   323 | D        | Killed a cane toad
   333 | D        | Noticed a catoblepas
   333 | D        | Noticed a catoblepas
   333 | D        | Noticed a death yak
   336 | D        | Noticed a death yak
   337 | D        | Killed a catoblepas
   338 | D        | Reached skill level 18 in Unarmed Combat
   338 | D        | Noticed a death yak
   360 | D        | Killed a catoblepas
   374 | D        | Killed a death yak
   375 | D        | Reached XP level 11. HP: 80/119 MP: 10/10
   383 | D        | Killed a death yak
   384 | D        | Reached skill level 19 in Unarmed Combat
   389 | D        | Killed a death yak
   462 | D        | Noticed Eustachio
   466 | D        | Noticed Maurice
   469 | D        | Killed Eustachio
   483 | D        | Killed Maurice
   497 | D        | Noticed Harold
   506 | D        | Killed Harold
   507 | D        | Reached skill level 20 in Unarmed Combat
   530 | D        | Noticed an orc knight
   534 | D        | Noticed an orc knight
   541 | D        | Killed an orc knight
   553 | D        | Killed an orc knight
   602 | D        | Noticed an orc knight
   608 | D        | Noticed an orc knight
   611 | D        | Killed an orc knight
   618 | D        | Killed an orc knight
   637 | D        | Found Zuisch's Armour Emporium.
   637 | D        | Noticed a two-headed ogre
   637 | D        | Noticed a two-headed ogre
   637 | D        | Noticed a two-headed ogre
   639 | D        | Killed a two-headed ogre
   640 | D        | Reached skill level 21 in Unarmed Combat
   641 | D        | Noticed a two-headed ogre
   642 | D        | Found Joonoi's General Store.
   644 | D        | Killed a two-headed ogre
   648 | D        | Killed a two-headed ogre
   649 | D        | Reached XP level 12. HP: 100/132 MP: 11/11
   649 | D        | Found Tagoen's Assorted Antiques.
   652 | D        | Killed a two-headed ogre
   656 | D        | Found Tutasomu's Antique Weapon Shoppe.
   656 | D        | Noticed an ogre mage
   660 | D        | Noticed a two-headed ogre
   661 | D        | Noticed an ogre mage
   662 | D        | Noticed a two-headed ogre
   663 | D        | Killed an ogre mage
   664 | D        | Reached skill level 22 in Unarmed Combat
   665 | D        | Killed a two-headed ogre
   668 | D        | Killed an ogre mage
   670 | D        | Killed a two-headed ogre
   763 | D        | Noticed Joseph
   769 | D        | Killed Joseph
   859 | D        | Noticed a death knight
   859 | D        | Noticed a boulder beetle
   869 | D        | Killed a death knight
   870 | D        | Noticed a tengu warrior
   873 | D        | Reached skill level 23 in Unarmed Combat
   875 | D        | Noticed a fire giant
   879 | D        | Killed a boulder beetle
   884 | D        | Killed a tengu warrior
   885 | D        | Noticed a stone giant
   886 | D        | Noticed a fire giant
   886 | D        | Noticed a rakshasa
   891 | D        | Killed a fire giant
   896 | D        | Reached skill level 24 in Unarmed Combat
   898 | D        | Killed a stone giant
   901 | D        | HP: 2/132 [fire giant (12)]
   901 | D        | Slain by a fire giant

Illustrated notes

Levels and vault maps discovered:
D:        linesprint [early_d, line_temple, items_1, d_10, items_2, lair_1,
          lair_end, items_3, orc_1, orc_end, items_4, d_15, swamp_1, shoals_1,
          snake_1, spider_1, d_20, vaults_1, items_5, swamp_end, shoals_end,
          snake_end, spider_end, vaults_end, d_27, items_6, zot_1, zot_end,
          crypt_end, forest_end, elf_end, slime_end, tomb_end, abyss_end,
          pan_hell_end]

Skill      XL: |  1  2  3  4  5  6  7  8  9 10 11 12 |
---------------+-------------------------------------+-----
Fighting       | 3 4 5 7 8 9 10 11 12 | 12.3
Dodging        | 3 4 5 7 8 9 10 11 12 13 | 13.1
Unarmed Combat | 4 6 7 10 12 13 15 18 21 24 | 24.2
Stealth        | |  1.1
Shields        | |  0.5

Action                   |  1- 3 |  4- 6 |  7- 9 | 10-12 || total
-------------------------+-------+-------+-------+-------++-------
Melee: Unarmed           |    20 |    17 |    50 |   166 ||   253
       Punch             |       |       |     7 |    24 ||    31
  Use: Potion            |     1 |     2 |     1 |    10 ||    14
       Scroll            |       |       |     4 |       ||     4
 Stab: Sleeping          |     1 |       |       |     2 ||     3
       Invisible         |       |     2 |     8 |       ||    10
       Distracted        |       |       |     1 |       ||     1
       Confused          |       |       |       |     1 ||     1
Armor: Robe              |     2 |       |     3 |    18 ||    23
Dodge: Dodged            |     6 |    13 |    35 |   118 ||   172
Block: Other             |       |       |       |    14 ||    14
       Reflection        |       |       |       |     1 ||     1
